 Dungeon Crawl Stone Soup version 0.24.0-13-gcf9b319 (webtiles) character file.

Game seed: 594897188731593662, levelgen mode: deterministic

2823 Bronimir the Poker (level 9, 0/71 HPs)
             Began as a Centaur Warper on Mar 27, 2020.
             Was a Priest of Okawaru.
             Splashed by an orc warrior's acid (4 damage)
             ... on level 8 of the Dungeon.
             The game lasted 00:23:12 (10402 turns).

Bronimir the Poker (Centaur Warper)                Turns: 10402, Time: 00:23:13

Health: 0/71       AC:  8    Str: 20    XL:     9   Next: 45%
Magic:  7/13       EV:  9    Int: 12    God:    Okawaru [***...]
Gold:   317        SH:  0    Dex:  9    Spells: 2/13 levels left

rFire    . . .     SeeInvis .   a - +0 spear
rCold    . . .     Gourm    .   (no shield)
rNeg     . . .     Faith    .   v - +2 ring mail
rPois    .         Spirit   .   D - +0 helmet
rElec    .         Reflect  .   o - +2 cloak {+Inv}
rCorr    +         Harm     .   (no gloves)
MR       .....                  (no barding)
Stlth    ..........             (no amulet)
HPRegen  0.21/turn              m - ring of resist corrosion
MPRegen  0.13/turn              y - +3 ring of strength

@: lethally poisoned (0 -> -1), corroded, lightly drained, very quick
A: large, hooves 3, deformed body, speed 2, tough skin 3
a: Heroism, Renounce Religion, Evoke Invisibility


You were on level 8 of the Dungeon.
You worshipped Okawaru.
Okawaru was most pleased with you.
You were very hungry.

You visited 2 branches of the dungeon, and saw 9 of its levels.

You collected 317 gold pieces.

Inventory:

Hand Weapons
 a - a +0 spear (weapon)
 b - a +0 shortbow
 C - a +0 hunting sling
 R - a +0 war axe
Missiles
 e - 2 boomerangs of dispersal
 g - 58 bolts
 i - 27 poisoned darts (quivered)
 n - 109 stones
 p - 7 arrows
 H - 9 boomerangs
 I - 13 sling bullets
Armour
 k - a scarf of spirit shield
 o - a +2 cloak of invisibility (worn)
 u - a +0 leather armour
 v - a +2 ring mail (worn)
 D - a +0 helmet (worn)
Jewellery
 m - a ring of resist corrosion (left hand)
 y - a +3 ring of strength (right hand)
Wands
 t - a wand of acid (8)
 x - a wand of flame (15)
 E - a wand of random effects (29)
 G - a wand of iceblast (9)
Scrolls
 c - 2 scrolls of immolation
 d - 2 scrolls of blinking
 h - 3 scrolls of identify
 w - 2 scrolls of fog
 J - a scroll of amnesia
 L - a scroll of enchant weapon {unknown}
Potions
 j - 2 potions of brilliance
 l - 3 potions of heal wounds
 q - a potion of mutation {unknown}
 r - a potion of ambrosia {unknown}
 s - a potion of curing {unknown}
 z - a potion of invisibility {unknown}
 A - a potion of might {unknown}
 B - a potion of haste {unknown}
 K - a potion of agility {unknown}
 M - a potion of degeneration {unknown}
 O - a potion of flight {unknown}
Comestibles
 f - 14 rations


   Skills:
 + Level 3.8(3.4) Fighting
 * Level 7.0(6.5) Polearms
 + Level 3.7(3.4) Slings
 * Level 3.1(2.7) Bows
 + Level 1.2(2.2) Throwing
 * Level 4.1(3.6) Armour
 + Level 2.3(1.9) Dodging
 + Level 2.9(2.5) Spellcasting
 * Level 2.8(2.4) Hexes
 * Level 1.8(1.4) Charms
 * Level 4.2(3.7) Translocations
 * Level 2.0(1.6) Invocations


You had 2 spell levels left.
You knew the following spells:

 Your Spells              Type           Power        Failure   Level  Hunger
a - Blink                 Tloc           N/A          14%         2    ###....
b - Shroud of Golubria    Chrm/Tloc      #.....       22%         2    ###....
c - Teleport Other        Tloc           ##......     26%         3    ###....
d - Confusing Touch       Hex            #.....       16%         1    #......
e - Gell's Gravitas       Tloc           ##........   26%         3    ###....

Your spell library contained the following spells:

 Spells                   Type           Power        Failure   Level  Hunger
 Apportation              Tloc           ##....       9%          1    #......
 Sting                    Conj/Pois      #...         38%         1    #......
 Summon Butterflies       Summ           #.......     38%         1    #......
 Poisonous Vapours        Pois/Air       #.....       54%         2    ###....
 Lesser Beckoning         Tloc           ##........   26%         3    ###....
 Confuse                  Hex            #.......     43%         3    ###....
 Tukima's Dance           Hex            #.......     43%         3    ###....
 Passage of Golubria      Tloc           N/A          65%         4    #####..
 Mephitic Cloud           Conj/Pois/Air  #.......     77%         3    ###....
 Olgreb's Toxic Radiance  Pois           #.......     99%         4    #####..
 Petrify                  Tmut/Erth      #.......     99%         4    #####..
 Alistair's Intoxication  Tmut/Pois      #.......     100%        5    ######.
 Metabolic Englaciation   Hex/Ice        #.........   100%        5    ######.
 Venom Bolt               Conj/Pois      #.........   100%        5    ######.
 Yara's Violent Unravell  Hex/Tmut       #.........   100%        5    ######.
 Invisibility             Hex            #.......     100%        6    #######


Dungeon Overview and Level Annotations

Branches:
Dungeon (8/15)             Temple (1/1) D:5
   Lair: D:8-11

Altars:
Ashenzari
Cheibriados
Elyvilon
Gozag
Hepliaklqana
Kikubaaqudgha
Makhleb
Nemelex Xobeh
Okawaru
Qazlal
Ru
Sif Muna
Trog
Uskayaw
Vehumet
Wu Jian
Xom
Yredelemnul
Zin
The Shining One

Shops:
D:4 %   D:6 *


Innate Abilities, Weirdness & Mutations

You have hooves in place of feet.
Armour fits poorly on your strangely shaped body.
You cover ground very quickly.
You have extremely tough skin. (AC +3)


Message History

You feel sick.
There is an open door here.
You see here an arrow.
Casting: Shroud of Golubria (safe; 22% risk of failure)
Confirm with . or Enter, or press ? or * to list all spells.
Aiming: Teleport Other (safe; 26% risk of failure)
Press: ? - help, Shift-Dir - straight line, f - orc warrior
Aim: an orc warrior, wielding a -2 glaive, wearing a +0 chain mail and carrying a wand of acid (7) (chance to defeat MR: 46%)
The orc warrior resists with some effort.
You are feeling very hungry.
Casting: Teleport Other (safe; 26% risk of failure)
Confirm with . or Enter, or press ? or * to list all spells.
Aiming: Teleport Other (safe; 26% risk of failure)
Press: ? - help, Shift-Dir - straight line, f/p - orc warrior
Aim: an orc warrior, wielding a -2 glaive, wearing a +0 chain mail and carrying a wand of acid (7) (chance to defeat MR: 46%)
The orc warrior looks slightly unstable.
The orc warrior zaps a wand.
The bolt of acid hits you. You resist.
* * * LOW HITPOINT WARNING * * *
The acid corrodes you!
You are splashed with acid.
You resist.
You die...

.......<........Y.....#......#.
......................#......#.
......................####'####
###.##########Y#####.....#...##
# #......#(((...#.....#...#.
##.....#(o....#.....#...#.
#.....#(.....#.....#...#. ###
#...###.(#####.....###### #.#
#...####@#.........#...## #.#
#.......)#.........#..... #.#
#........#.........#..... #.#
#........#.........#..... #.#
#........'.........#..... #.##
####.##..##.........#..... ##.##
##..####..#.........##.....
#..###...#.....#.........#......
#........#.....#.........#......


You could see a death yak and an orc warrior.

Vanquished Creatures
  2 hippogriffs (D:7)
  A hungry ghost (D:7)
  Menkaure (D:7)
  Edmund (D:5)
  A water moccasin (D:8)
  An ice beast (D:5)
  A phantom (D:8)
  6 ogres
  A centaur (D:8)
  A bullfrog (D:6)
  A scorpion (D:6)
  3 wights (D:8)
  A bullfrog zombie (D:7)
  3 crimson imps
  A centaur skeleton (D:7)
  2 hounds
  3 jellies
  2 iguanas
  8 orc wizards
  A hell rat (D:7)
  4 worker ants
  Natasha (thrice) (D:2)
  A hound zombie (D:8)
  2 hound skeletons
  A worker ant zombie (D:7)
  6 adders
  2 shadow imps
  An ooze (D:1)
  2 adder skeletons (D:4)
  An adder zombie (D:6)
  2 worms (D:7)
  A dart slug (D:1)
  4 leopard geckos
  20 orcs
  7 giant cockroaches
  6 goblins
  9 hobgoblins
  6 jackals
  5 kobolds
  4 quokkas
  6 bats
  2 frilled lizards
  2 jackal skeletons
  A jackal zombie (D:6)
  15 rats
154 creatures vanquished.

Notes
Turn   | Place    | Note
-------+----------+-------------------------------------------
     0 | D:1      | Bronimir the Centaur Warper began the quest for the Orb.
     0 | D:1      | Reached XP level 1. HP: 17/17 MP: 3/3
   105 | D:1      | Reached skill level 2 in Polearms
   105 | D:1      | Reached XP level 2. HP: 12/24 MP: 4/4
   472 | D:1      | Learned a level 2 spell: Blink
   475 | D:1      | Learned a level 2 spell: Shroud of Golubria
   912 | D:1      | Reached XP level 3. HP: 26/29 MP: 3/5
  1037 | D:2      | Reached skill level 1 in Armour
  1262 | D:2      | Reached skill level 3 in Polearms
  1459 | D:2      | Reached XP level 4. HP: 20/36 MP: 0/6
  1791 | D:2      | Noticed Natasha
  1804 | D:2      | Killed Natasha
  2318 | D:2      | Noticed Natasha
  2339 | D:2      | Killed Natasha
  2343 | D:2      | Noticed Natasha
  2356 | D:2      | Killed Natasha
  2356 | D:2      | Reached XP level 5. HP: 27/42 MP: 2/7
  2731 | D:4      | Reached skill level 4 in Polearms
  3295 | D:4      | Found a glowing golden altar of the Shining One.
  3321 | D:4      | Found a radiant altar of Vehumet.
  3371 | D:4      | Learned a level 3 spell: Teleport Other
  3552 | D:4      | Found Geozeser's Food Boutique.
  3665 | D:4      | Reached XP level 6. HP: 49/50 MP: 7/9
  3835 | D:5      | Entered Level 5 of the Dungeon
  3886 | D:5      | Found a staircase to the Ecumenical Temple.
  3910 | Temple   | Entered the Ecumenical Temple
  3994 | Temple   | Became a worshipper of Warmaster Okawaru
  4030 | D:5      | Noticed Edmund
  4064 | D:5      | Killed Edmund
  4778 | D:6      | Noticed an ice beast
  4845 | D:5      | Killed an ice beast
  4845 | D:5      | Reached skill level 1 in Slings
  4845 | D:5      | Reached XP level 7. HP: 13/56 MP: 10/10
  5130 | D:6      | Reached skill level 5 in Polearms
  5290 | D:6      | Reached * piety under Okawaru
  5468 | D:6      | Learned a level 1 spell: Confusing Touch
  5945 | D:6      | Reached XP level 8. HP: 57/63 MP: 8/11
  5981 | D:6      | Found Abei's Assorted Antiques.
  6052 | D:6      | Reached skill level 1 in Hexes
  6680 | D:6      | Learned a level 3 spell: Gell's Gravitas
  6803 | D:7      | Noticed Menkaure
  6827 | D:7      | Reached skill level 6 in Polearms
  6832 | D:7      | Killed Menkaure
  7218 | D:7      | Reached ** piety under Okawaru
  7355 | D:7      | Reached skill level 1 in Charms
  7355 | D:7      | Reached skill level 1 in Invocations
  7614 | D:7      | Noticed a moth of wrath
  7618 | D:7      | Found a bloodstained altar of Trog.
  8012 | D:7      | Noticed a hippogriff
  8028 | D:7      | Killed a hippogriff
  8028 | D:7      | Reached XP level 9. HP: 44/70 MP: 9/12
  8674 | D:8      | Reached *** piety under Okawaru
  9014 | D:8      | Noticed a death yak
  9016 | D:8      | Noticed a death yak
  9017 | D:8      | Noticed a death yak
  9717 | D:8      | Reached skill level 1 in Bows
 10335 | D:8      | Reached skill level 7 in Polearms
 10402 | D:8      | Splashed by an orc warrior's acid

Levels and vault maps discovered:
D:1:      minmay_arrival_four_circles, layout_basic, minmay_misc_feat_enclosed,
          minmay_misc_feat_pillars, corexii_item_surrounded_by_moat
D:2:      layout_basic, serial_corexii_hall, corexii_hall_statues_i,
          chequers_hall_statues_y, corexii_hall_statues_i, uniq_natasha
D:3:      layout_loops_ring, first_ration
D:4:      layout_cave_pools, vehumet_altar_wand_db, old_standard_altar,
          serial_shops, nicolae_shop_waterfront
D:5:      layout_loops_ring, minmay_temple_entry_slanted, uniq_edmund
D:6:      layout_cave_pods, serial_shops, shop,
          minmay_a_box_with_orc_wizards_in_it
D:7:      layout_loops_ring, tgw_trog, uniq_menkaure
D:8:      layout_gridville, marbit_many_paths, dpeg_lair_monsters
Temple:   eino_narrow_crystal_temple

Skill      XL: |  1  2  3  4  5  6  7  8  9 |
---------------+----------------------------+-----
Polearms       | 2 3 4 5 6 7 |  7.0
Armour         | 1 2 3 4 |  4.1
Spellcasting   | 2 |  2.9
Translocations | 3 4 |  4.2
Slings         | 1 2 3 |  3.7
Dodging        | 2 |  2.3
Fighting       | 3 |  3.8
Hexes          | 2 |  2.8
Charms         | 1 |  1.8
Invocations    | 1 2 |  2.0
Bows           | 3 |  3.1
Throwing       | |  1.2

Action                   |  1- 3 |  4- 6 |  7- 9 || total
-------------------------+-------+-------+-------++-------
Melee: Spear             |   160 |   271 |   444 ||   875
       Kick              |    16 |    47 |   121 ||   184
       Punch             |       |       |     1 ||     1
 Fire: Hunting sling     |       |    22 |    69 ||    91
       Shortbow          |       |       |    49 ||    49
Throw: Dart              |       |     5 |     4 ||     9
       Boomerang         |       |       |     3 ||     3
 Cast: Shroud of Golubri |     1 |     7 |    20 ||    28
       Confusing Touch   |       |       |    15 ||    15
       Blink             |       |       |     2 ||     2
       Teleport Other    |       |       |     4 ||     4
Invok: Heroism           |       |       |     2 ||     2
Evoke: Wand              |       |     1 |       ||     1
  Use: Potion            |     1 |       |     1 ||     2
       Scroll            |       |     6 |    10 ||    16
 Stab: Confused          |       |       |     5 ||     5
  Eat: Chunk             |     1 |     9 |    13 ||    23
       Ration            |       |       |     2 ||     2
Armor: Leather armour    |    47 |     5 |       ||    52
       Ring mail         |       |   122 |   201 ||   323
Dodge: Dodged            |    48 |    93 |   158 ||   299
